 Dungeon Crawl Stone Soup version 0.31-a0-263-ge8cad7f256 (webtiles) character file.

Game seed: 3622015893591919754

77 qw the Shooter (level 4, -5/26 HPs)
             Began as a Gargoyle Hexslinger on July 13, 2023.
             Slain by an ogre
             ... wielding a +0 giant club
              (31 damage)
             ... on level 3 of the Dungeon.
             The game lasted 00:00:45 (1790 turns).

qw the Shooter (Gargoyle Hexslinger)                Turns: 1790, Time: 00:00:45

Health: -5/26      AC:  9    Str: 17    XL:     4   Next: 33%
Magic:  5/5        EV: 16    Int: 14    God:
Gold:   165        SH:  5    Dex: 14    Spells: 4/5 levels left

rFire   . . .        Y - +1 sling
rCold   . . .        (no shield)
rNeg    + . .        l - +0 ring mail
rPois   inf          (no helmet)
rElec   +            (no cloak)
rCorr   .            e - +0 pair of gloves
SInv    .            (no boots)
Will    .....        i - amulet of reflection
Stlth   +            d - +5 ring of evasion
HPRegen 0.24/turn    c - +6 ring of strength
MPRegen 0.09/turn

%: reflection
@: no status effects
A: sickness immunity, AC +3, negative energy resistance 1, electricity
resistance, torment resistance 1, petrification resistance
a: no special abilities


You were on level 3 of the Dungeon.
You visited 1 branch of the dungeon, and saw 3 of its levels.

You collected 165 gold pieces.


Innate Abilities, Weirdness & Mutations

You are immune to sickness and miasma.
Your stone body is resilient. (AC +3)
You are immune to poison.
You resist negative energy. (rN+)
You are resistant to electric shocks. (rElec)
You are resistant to unholy torment.
You are immune to petrification.


   Skills:
 - Level 2.0 Fighting
 - Level 4.0 Ranged Weapons
 + Level 0.5 Armour
 - Level 1.5 Dodging
 - Level 1.0 Spellcasting
 - Level 2.6 Hexes


You had 4 spell levels left.
You knew the following spells:

 Your Spells              Type           Power      Damage    Failure   Level
a - Slow                  Hex            32%        N/A       16%         1

Your spell library contained the following spells:

 Spells                   Type           Power      Damage    Failure   Level
 Inner Flame              Hex/Fire       4%         N/A       63%         3
 Portal Projectile        Hex/Tloc       8%         N/A       63%         3
 Cause Fear               Hex            4%         N/A       85%         4

Inventory:

Hand Weapons
 Y - a +1 sling (weapon)
Armour
 e - a +0 pair of gloves (worn)
 f - a +1 ring mail of fire resistance
 l - a +0 ring mail (worn)
Jewellery
 c - a +6 ring of strength (right hand)
 d - a +5 ring of evasion (left hand)
 i - an amulet of reflection (around neck)
Scrolls
 a - a scroll of identify
Potions
 b - a potion of ambrosia {unknown}
 m - a potion of haste {unknown}

Dungeon Overview and Level Annotations

Branches:
Dungeon (3/15)

Altars:


Message History

The sling bullet closely misses the goblin.
The sling bullet barely misses the hobgoblin.
You block the goblin's attack. The goblin misses you.
You shoot a sling bullet. The sling bullet hits the goblin.
The goblin is moderately wounded.
The goblin hits you but does no damage.
You shoot a sling bullet.
The sling bullet closely misses the goblin.
The sling bullet hits the hobgoblin.
You kill the hobgoblin!
The goblin barely misses you.
You shoot a sling bullet. The sling bullet hits the goblin.
You kill the goblin!
The goblin hits you but does no damage.
You shoot a sling bullet.
The sling bullet closely misses the goblin.
The sling bullet hits the goblin.
The goblin is severely wounded.
You hear a shout!
The goblin barely misses you.
You shoot a sling bullet. The sling bullet hits the goblin.
The goblin is heavily wounded.
The goblin closely misses you.
You shoot a sling bullet.
The sling bullet hits the goblin but does no damage.
The goblin is heavily wounded.
An ogre comes into view. It is wielding a +0 giant club.
The goblin hits you but does no damage.
You shoot a sling bullet.
The sling bullet closely misses the goblin.
The sling bullet hits the goblin.
You kill the goblin!
The goblin hits you but does no damage. You block the goblin's attack.
You shoot a sling bullet. The sling bullet hits the goblin!
You kill the goblin!
You shoot a sling bullet. The sling bullet hits the ogre.
The ogre is lightly wounded.
The ogre hits you with a +0 giant club!!
Ouch! That really hurt!
You die...

.# ggg.#####
..ggg.))# # #O#
#######.
#@#########.......
#.[.........).....
###########.#####.
#.# #. #.# #. #.#
#. #.# #. #.# #.
#.#####.


You could see an ogre.

Vanquished Creatures
  Robin (D:3)
  An adder (D:3)
  3 worms (D:2)
  An orc (D:3)
  3 endoplasms
  3 giant cockroaches
  9 goblins
  3 hobgoblins
  A quokka (D:1)
  4 ball pythons
  8 bats
  3 frilled lizards
  4 kobolds
  4 rats
48 creatures vanquished.

Notes
Turn   | Place    | Note
-------+----------+-------------------------------------------
     0 | D:1      | qw the Gargoyle Hexslinger began the quest for the Orb.
     0 | D:1      | Reached XP level 1. HP: 12/12 MP: 2/2
     0 | D:1      | 0 ||| qw: Version: 0.3-a-52-g30416fa
     0 | D:1      | 0 ||| qw: Game counter: 7336
     0 | D:1      | 0 ||| qw: Melee chars always use a shield: true
     0 | D:1      | 0 ||| qw: God list: Okawaru
     0 | D:1      | 0 ||| qw: Allow faded altars: false
     0 | D:1      | 0 ||| qw: Do Orc after clearing Dungeon:15 true
     0 | D:1      | 0 ||| qw: Do second Lair branch before Depths: true
     0 | D:1      | 0 ||| qw: Lair rune preference: random
     0 | D:1      | 0 ||| qw: Goals: Normal
     0 | D:1      | 0 ||| PLANNING D:1-11
   134 | D:1      | Reached XP level 2. HP: 16/16 MP: 3/3
   437 | D:1      | Reached skill level 3 in Ranged Weapons
   878 | D:1      | 878 ||| UPGRADING to +0 leather armour.
   888 | D:1      | 888 ||| DROPPING +0 robe.
   889 | D:1      | 889 ||| UPGRADING to +0 ring mail.
   899 | D:1      | 899 ||| DROPPING +0 leather armour.
   900 | D:1      | 900 ||| UPGRADING to amulet of regeneration.
   905 | D:1      | 905 ||| UPGRADING to amulet of reflection.
   915 | D:1      | 915 ||| DROPPING amulet of regeneration.
   916 | D:1      | 916 ||| UPGRADING to +5 ring of evasion.
   917 | D:1      | 917 ||| READING scroll labelled TANGUBBULO.
   918 | D:1      | 918 ||| READING scroll labelled XOBBIB TOAJEL.
   919 | D:1      | 919 ||| READING 2 scrolls labelled ODEFAE LYEXISCHO.
   920 | D:1      | 920 ||| READING scroll labelled URUKOA TUAJESM.
   921 | D:1      | 921 ||| DROPPING scroll of poison.
   922 | D:1      | 922 ||| DROPPING scroll of amnesia.
  1201 | D:2      | Reached XP level 3. HP: 21/21 MP: 4/4
  1481 | D:2      | 1481 ||| UPGRADING to +0 pair of gloves.
  1486 | D:2      | 1486 ||| DROPPING amulet of the acrobat.
  1487 | D:2      | 1487 ||| UPGRADING to +6 ring of strength.
  1754 | D:3      | Noticed Robin
  1756 | D:3      | 1756 ||| Stepping ~*~*~tactically~*~*~ (outnumbered).
  1760 | D:3      | Reached XP level 4. HP: 26/26 MP: 5/5
  1775 | D:3      | Killed Robin
  1776 | D:3      | Reached skill level 4 in Ranged Weapons
  1787 | D:3      | Noticed an ogre
  1790 | D:3      | Slain by an ogre

Levels and vault maps discovered:
D:1:      lemuel_arrival_lava_pool, layout_basic, chequers_avenue,
          chequers_mini_garden, chequers_serial_rivers_large_b
D:2:      layout_basic, nicolae_wormholes
D:3:      layout_loops_ring, hellmonk_ecumenical_altar_watching_god, uniq_robin

Skill      XL: |  1  2  3  4 |
---------------+-------------+-----
Ranged Weapons | 3 4 |  4.0
Fighting       | 2 |  2.0
Armour         | |  0.5
Dodging        | |  1.5
Spellcasting   | |  1.0
Hexes          | |  2.6

Action                     |  1- 3 |  4- 6 || total
---------------------------+-------+-------++-------
   Fire: Sling             |   149 |    31 ||   180
    Use: Scroll            |     4 |       ||     4
 Armour: Robe              |    15 |       ||    15
         Ring mail         |     6 |     8 ||    14
  Dodge: Dodged            |    50 |    17 ||    67
  Block: Other             |    12 |     5 ||    17
         Reflection        |     1 |       ||     1

Table legend:
 A = Non-vault XP
 B = Vault XP
 C = Vault XP percentage of total XP
 D = Non-vault monster count
 E = Vault monster count
 F = Vault count percentage of total count
                 A         B        C        D         E       F
            +---------+---------+-------+---------+---------+-------
      Total |      64 |      46 |  41.8 |      36 |      12 |  25.0
            +---------+---------+-------+---------+---------+-------
        D:1 |      25 |       0 |   0.0 |      17 |       0 |   0.0
        D:2 |      15 |      15 |  50.0 |      11 |       3 |  21.4
        D:3 |      24 |      31 |  56.4 |       8 |       9 |  52.9
            +---------+---------+-------+---------+---------+-------
